 Dungeon Crawl Stone Soup version 0.27.1-33-g824d729ab1 (webtiles) character file.

Game seed: 7152410660164592009

2498 Sarah the Twirler (level 9, -2/70 HPs)
             Began as a Human Artificer on Dec 10, 2021.
             Was a Follower of Qazlal.
             Slain by a wyvern (11 damage)
             ... on level 8 of the Dungeon.
             The game lasted 00:51:58 (8261 turns).

Sarah the Twirler (Human Artificer)                 Turns: 8261, Time: 00:51:59

Health: -2/70      AC:  8    Str: 18    XL:     9   Next: 82%
Magic:  9/9        EV: 11    Int: 14    God:    Qazlal [*.....]
Gold:   172        SH:  1    Dex: 15    Spells: 8/9 levels left

rFire    + . .     SeeInvis .   f - +1 quarterstaff (flame)
rCold    . . .     Faith    .   (shield currently unavailable)
rNeg     . . .     Spirit   .   q - +0 swamp dragon scales
rPois    +         Reflect  .   (no helmet)
rElec    .         Harm     .   (no cloak)
rCorr    .         Rampage  .   (no gloves)
Will     .....                  (no boots)
Stlth    ++........             (no amulet)
HPRegen  0.21/turn              j - +6 ring of strength
MPRegen  0.11/turn              o - ring of protection from fire

@: unable to read
A: hooves 1, deterioration 1, robust 1, inability to read while threatened
a: Renounce Religion


You were on level 8 of the Dungeon.
You worshipped Qazlal.
Qazlal was aware of your devotion.
You visited 2 branches of the dungeon, and saw 9 of its levels.

You collected 272 gold pieces.
You spent 100 gold pieces at shops.

Inventory:

Hand Weapons
 a - a +0 club
 f - a +1 quarterstaff of flaming (weapon)
 t - a +0 shortbow
Missiles
 h - 64 bolts
 l - 39 arrows
 m - a javelin (quivered)
 p - 37 poisoned darts
Armour
 b - a +0 leather armour
 q - +0 swamp dragon scales (worn)
Jewellery
 i - a ring of flight
 j - a +6 ring of strength (left hand)
 o - a ring of protection from fire (right hand)
Wands
 g - a wand of paralysis (1)
Scrolls
 k - a scroll of noise
 n - a scroll of enchant armour {unknown}
 s - a scroll of fog
Potions
 c - a potion of attraction
 u - a potion of flight {unknown}
Miscellaneous
 e - a piece from Xom's chessboard (7/15)


   Skills:
 + Level 3.3 Fighting
 + Level 7.3 Staves
 + Level 6.0 Throwing
 + Level 4.5 Armour
 + Level 2.4 Dodging
 + Level 4.1 Stealth
 + Level 0.5 Spellcasting
 + Level 4.8 Evocations


You had 8 spell levels left.
You knew the following spells:

 Your Spells              Type           Power      Damage    Failure   Level
a - Summon Small Mammal   Summ           0%         N/A       41%         1

Your spell library contained the following spells:

 Spells                   Type           Power      Damage    Failure   Level
 Animate Skeleton         Necr           0%         N/A       43%         1
 Apportation              Tloc           0%         N/A       43%         1
 Corona                   Hex            0%         N/A       43%         1


Dungeon Overview and Level Annotations

Branches:
Dungeon (8/15)             Temple (1/1) D:6
   Lair: D:8-11

Altars:
Ashenzari
Dithmenos
Elyvilon
Fedhas
Gozag
Hepliaklqana
Makhleb
Nemelex Xobeh
Okawaru
Qazlal
Ru
Sif Muna
Trog
Uskayaw
Vehumet
Wu Jian
Xom
Yredelemnul
The Shining One

Shops:
D:4 ([([(?   D:6 *:[*


Innate Abilities, Weirdness & Mutations

You have large cloven feet.
Your body sometimes deteriorates upon taking damage.
You are robust. (+10% HP)
You sometimes lose the ability to read scrolls when taking damage.


Message History

The helpless steam dragon fails to defend itself.
You sock the steam dragon! You burn the steam dragon.
You kill the steam dragon!
Qazlal accepts your kill.
The steam dragon scales are intact enough to wear.
Things that are here:
+0 steam dragon scales; a steam dragon corpse You now have 172 gold pieces (gained 7).
You start resting.
You feel a little less mighty now.
You start resting.
You hear the faint creaking of a very distant portcullis.
You start resting.
A wyvern is nearby!
Throw: 4 javelins
Press: ? - help, Q - select action, (/) - cycle Shift-Dir - straight line, f - wyvern
Aim: a wyvern (wandering, hasn't noticed you, 63% to hit)
You throw a javelin. The wyvern hisses angrily.
The javelin pierces through the wyvern.
The wyvern is lightly wounded.
Throw: 3 javelins
Press: ? - help, Q - select action, (/) - cycle Shift-Dir - straight line, f/p - wyvern
Aim: a wyvern (lightly wounded, 63% to hit)
You throw a javelin. The javelin pierces through the wyvern!
The wyvern is moderately wounded.
Throw: 2 javelins
Press: ? - help, Q - select action, (/) - cycle Shift-Dir - straight line, f/p - wyvern
Aim: a wyvern (moderately wounded, 63% to hit)
You throw a javelin. The javelin pierces through the wyvern.
The wyvern is moderately wounded.
The wyvern bites you!
You feel threatened and lose the ability to read scrolls!
* * * LOW HITPOINT WARNING * * *
Aiming: Paralyse
Press: ? - help, Shift-Dir - straight line, f/p - wyvern
Aim: a wyvern (moderately wounded, chance to affect: 60%)
The wyvern resists with significant effort.
The wyvern bites you!
You die...

............)).....#
.#....[...<.)).....#
...###....[....#...#
#### ##...#...###.##
######### #.# #.#
##.# #..# ##@##
#.l.# ## #...#
.########## #[..#
.....?....#####...#
#########.....((..#
#######...# #.()#
#...#


You could see a wyvern.

Vanquished Creatures
  Maggie (D:7)
  A troll (D:7)
  2 steam dragons (D:8)
  A water moccasin (D:7)
  A black bear (D:6)
  2 necrophages
  An ogre (D:5)
  A centaur (D:7)
  A kobold brigand (D:8)
  A scorpion (D:5)
  A gnoll sergeant (D:6)
  A wyvern skeleton (D:7)
  2 howler monkeys
  A centaur zombie (D:7)
  2 bullfrog zombies (D:5)
  4 hounds
  3 centaur skeletons
  A gnoll shaman (D:8)
  An orc priest (D:8)
  3 jellies
  A bullfrog skeleton (D:5)
  Natasha (thrice) (D:3)
  An iguana (D:6)
  3 gnolls
  6 adders
  A shadow imp (D:7)
  2 white imps
  An ufetubus (D:4)
  An adder skeleton (D:4)
  4 dart slugs
  11 orcs
  5 ball pythons
  4 bats
  5 endoplasms
  2 giant cockroaches
  2 goblins
  3 hobgoblins
  4 jackals (D:5)
  3 quokkas
  3 frilled lizards
  8 kobolds
  6 rats
110 creatures vanquished.

Vanquished Creatures (collateral kills)
  A necrophage (D:4)
  An iguana (D:4)
  An orc wizard (D:4)
  A gnoll (D:6)
  3 orcs (D:4)
  A giant cockroach (D:4)
  A goblin (D:1)
  2 hobgoblins (D:1)
11 creatures vanquished.

Vanquished Creatures (others)
  A sky beast (D:8)
  An iguana (D:4)
  2 gnolls (D:6)
  A dart slug (D:1)
5 creatures vanquished.

Grand Total: 126 creatures vanquished

Notes
Turn   | Place    | Note
-------+----------+-------------------------------------------
     0 | D:1      | Sarah the Human Artificer began the quest for the Orb.
     0 | D:1      | Reached XP level 1. HP: 15/15 MP: 1/1
   127 | D:1      | Reached XP level 2. HP: 10/21 MP: 2/2
   501 | D:1      | Reached skill level 1 in Staves
   501 | D:1      | Reached XP level 3. HP: 26/26 MP: 3/3
  1120 | D:2      | Found a glowing golden altar of the Shining One.
  1136 | D:2      | Became a worshipper of the Shining One
  2042 | D:2      | Reached XP level 4. HP: 32/32 MP: 4/4
  2272 | D:3      | Noticed Natasha
  2278 | D:3      | Gained mutation: You are robust. (+10% HP) [potion of
                  | mutation]
  2278 | D:3      | Gained mutation: Your spells are a little easier to cast,
                  | but a little less powerful. [potion of mutation]
  2278 | D:3      | Gained mutation: Your body sometimes deteriorates upon
                  | taking damage. [potion of mutation]
  2282 | D:3      | Killed Natasha
  2283 | D:3      | Reached skill level 2 in Staves
  2877 | D:3      | Learned a level 1 spell: Summon Small Mammal
  2890 | D:3      | Noticed Natasha
  2908 | D:3      | Killed Natasha
  2909 | D:3      | Reached XP level 5. HP: 10/40 MP: 5/5
  3018 | D:3      | Noticed Natasha
  3025 | D:3      | Killed Natasha
  3412 | D:4      | Found Qoorgh's Weapon Shop.
  3413 | D:4      | Found Itsig's Antique Armour Boutique.
  3413 | D:4      | Noticed a necrophage
  3414 | D:4      | Found Zaad's Armour Shoppe.
  3414 | D:4      | Found Vureekil's Antique Weapon Emporium.
  3415 | D:4      | Found Zissot Fetee's Magic Scroll Shoppe.
  3415 | D:4      | Found Gadeibb's Antique Weapon Shop.
  3484 | D:4      | Bought a scroll of identify for 20 gold pieces
  3484 | D:4      | Bought a scroll of identify for 20 gold pieces
  3484 | D:4      | Bought a scroll of identify for 20 gold pieces
  3484 | D:4      | Bought 2 scrolls of identify for 40 gold pieces
  3484 | D:4      | Killed a necrophage
  3485 | D:4      | Reached skill level 3 in Staves
  3485 | D:4      | Reached skill level 1 in Throwing
  3485 | D:4      | Reached XP level 6. HP: 37/48 MP: 6/6
  3774 | D:4      | Reached * piety under the Shining One
  4178 | D:5      | Entered Level 5 of the Dungeon
  4183 | D:5      | Reached XP level 7. HP: 51/55 MP: 7/7
  4284 | D:5      | Reached skill level 4 in Staves
  4541 | D:5      | Identified the +4 hand axe of Success {drain, rCorr Str+6}
  4949 | D:5      | Reached skill level 5 in Staves
  5332 | D:5      | Reached XP level 8. HP: 50/61 MP: 8/8
  5402 | D:5      | You fall into a shaft and drop 1 floor!
  5402 | D:6      | Found a staircase to the Ecumenical Temple.
  5412 | D:6      | Found Jipaenimn's Antique Armour Emporium.
  5445 | Temple   | Entered the Ecumenical Temple
  5459 | Temple   | Fell from the grace of the Shining One
  5459 | Temple   | Became a worshipper of Qazlal Stormbringer
  5756 | D:6      | Found Qokkol's General Store.
  5770 | D:6      | Learned a level 1 spell: Animate Skeleton
  5866 | D:6      | Found a burning altar of Makhleb.
  6169 | D:6      | Found Xuwidd's Book Boutique.
  6221 | D:6      | Found Beram's Assorted Antiques.
  6380 | D:6      | Reached skill level 6 in Staves
  6840 | D:7      | Noticed Maggie
  6850 | D:7      | Killed Maggie
  6863 | D:7      | Lost mutation: Your body sometimes deteriorates upon taking
                  | damage. [potion of mutation]
  6863 | D:7      | Lost mutation: Your spells are a little easier to cast, but
                  | a little less powerful. [potion of mutation]
  6863 | D:7      | Gained mutation: Your body sometimes deteriorates upon
                  | taking damage. [potion of mutation]
  6863 | D:7      | Gained mutation: You have large cloven feet. [potion of
                  | mutation]
  6863 | D:7      | Gained mutation: You sometimes lose the ability to read
                  | scrolls when taking damage. [potion of mutation]
  7093 | D:7      | Reached XP level 9. HP: 68/68 MP: 9/9
  7322 | D:7      | Noticed a troll
  7340 | D:7      | Killed a troll
  7341 | D:7      | Reached skill level 5 in Throwing
  8123 | D:8      | Reached skill level 7 in Staves
  8201 | D:8      | Reached * piety under Qazlal
  8261 | D:8      | Slain by a wyvern

Illustrated notes

Levels and vault maps discovered:
D:1:      lightli_arrival_statue_moat, layout_basic
D:2:      layout_loops_ring, basic_altar, item_on_display_a
D:3:      layout_loops_ring, uniq_natasha
D:4:      layout_basic, nicolae_wooded_promenade
D:5:      layout_basic, chequers_serial_rivers_micro_b
D:6:      layout_cave_pods, mainiacjoe_overflow_catwalk, temple_statues,
          serial_shops, nicolae_lakefront_shop, nicolae_shop_crystal,
          nicolae_shop_waterfront, shop, st_stairs_6
D:7:      layout_basic, uniq_maggie
D:8:      layout_rooms, enter_bailey_5, serial_bayou_crossing, uniq_pikel
Temple:   dpeg_three_leaves_temple

Skill      XL: |  1  2  3  4  5  6  7  8  9 |
---------------+----------------------------+-----
Staves         | 1 2 3 5 6 7 |  7.3
Throwing       | 1 2 4 6 |  6.0
Fighting       | 2 3 |  3.3
Armour         | 3 4 |  4.5
Evocations     | 4 |  4.8
Dodging        | 2 |  2.4
Stealth        | 2 4 |  4.1
Spellcasting   | |  0.5

Action                   |  1- 3 |  4- 6 |  7- 9 || total
-------------------------+-------+-------+-------++-------
Melee: Quarterstaff      |    81 |    70 |    87 ||   238
       Kick              |       |       |    13 ||    13
Throw: Javelin           |     2 |    34 |    88 ||   124
       Dart              |       |       |    13 ||    13
 Cast: Summon Small Mamm |       |       |     1 ||     1
Evoke: Wand              |    17 |     7 |    15 ||    39
       Piece from Xom's  |     2 |     8 |    12 ||    22
  Use: Potion            |       |     5 |     5 ||    10
       Scroll            |       |     4 |    15 ||    19
 Stab: Sleeping          |     5 |       |       ||     5
       Paralysed         |       |       |     8 ||     8
       Petrifying        |       |       |     2 ||     2
       Petrified         |       |       |     1 ||     1
Armor: Leather armour    |    26 |    19 |     5 ||    50
       Swamp dragon scal |       |       |    22 ||    22
Dodge: Dodged            |    57 |    54 |    59 ||   170
